| TOP OF THE 1ST |
|
Clinton LumberKings batting - Pitching for Lexington Legends : RHP Howie Seidler
|
|
Pitching: RHP Howie Seidler
|
|
|
Batting: RHB Ryan Criollo
|
0-0: Ball 1-0: Foul Ball, location: 2F 1-1: Foul Ball, location: 2F 1-2: Ball 2-2: Ball 3-2: Strikes out swinging
|
|
Batting: RHB Nick Edmunds
|
0-0: Swinging Strike 0-1: Ball 1-1: SINGLE (Flyball, 8RS, EV 94.4 MPH)
|
|
Batting: LHB Jason Hopkins
|
0-0: Called Strike 0-1: Ball 1-1: Hit by Pitch Nick Edmunds to second
|
|
Batting: RHB Chris Olheiser
|
0-0: Ball 1-0: Foul Ball, location: 2F 1-1: Foul Ball, location: 2F 1-2: Ball 2-2: Ball 3-2: Base on Balls Nick Edmunds to third Jason Hopkins to second
|
|
Pitching: LHP Tyler Abraham
|
|
|
Batting: LHB Chang Huie
|
0-0: Called Strike 0-1: Ball 1-1: Foul Ball, location: 2F 1-2: Strikes out swinging
|
|
Batting: RHB Tze-meng Li
|
0-0: Called Strike 0-1: Swinging Strike 0-2: SINGLE (Groundball, 56D, EV 103.1 MPH) Nick Edmunds scores Jason Hopkins to third Chris Olheiser to second Runner from 3rd tries for Home, SAFE, throw by LF to home
|
|
Batting: LHB Kenny Gerrity
|
0-0: Called Strike 0-1: SINGLE (Line Drive, 8RS, EV 100.6 MPH) Chris Olheiser to third Tze-meng Li to second Runner from 3rd tries for Home, SAFE, throw by CF to home
|
|
Batting: RHB Chris Van Niel
|
0-0: Ball 1-0: Called Strike 1-1: Foul Ball, location: 2F 1-2: Ground out 4-3 (Groundball, 4, EV 79.4 MPH)
|
| Top of the 1st over - 3 runs, 3 hits, 0 errors, 2 left on base; Clinton 3 - Lexington 0 |
| BOTTOM OF THE 1ST |
|
Lexington Legends batting - Pitching for Clinton LumberKings : RHP Sid Lampone
|
|
Pitching: RHP Sid Lampone
|
|
|
Batting: RHB Doug Carter
|
0-0: Swinging Strike 0-1: Fly out, F7 (Flyball, 78XD, EV 80.0 MPH)
|
|
Batting: SHB Ryoji Hiraoka
|
0-0: Ball 1-0: Foul Ball, location: 2F 1-1: Called Strike 1-2: Strikes out swinging
|
|
Batting: RHB Andy Urquhart
|
0-0: SINGLE (Groundball, 56D, EV 97.5 MPH)
|
|
Batting: RHB Pete Deschamps
|
0-0: Ball Andy Urquhart is caught stealing 2nd base 2-4
|
| Bottom of the 1st over - 0 runs, 1 hit, 0 errors, 0 left on base; Clinton 3 - Lexington 0 |
| TOP OF THE 2ND |
|
Clinton LumberKings batting - Pitching for Lexington Legends : LHP Tyler Abraham
|
|
Batting: RHB Justin Colella
|
0-0: Ball 1-0: Called Strike 1-1: Called Strike 1-2: Foul Ball, location: 2F 1-2: Ground out 5-3 (Groundball, 56S, EV 79.4 MPH)
|
|
Pitching: RHP Joe Adelmann
|
|
|
Batting: RHB Ryan Criollo
|
0-0: SINGLE (Line Drive, 9LS, EV 95.6 MPH)
|
|
Batting: RHB Nick Edmunds
|
0-0: Called Strike 0-1: Ball 1-1: Foul Ball, location: 2F 1-2: Ball 2-2: Ball 3-2: Strikes out swinging
|
|
Batting: LHB Jason Hopkins
|
0-0: Ball 1-0: Called Strike 1-1: Ball 2-1: 2-RUN HOME RUN (Line Drive, 89XD, EV 110.6 MPH), Distance : 408 ft
|
|
Batting: RHB Chris Olheiser
|
0-0: Ball 1-0: DOUBLE (Groundball, 5L, EV 102.5 MPH)
|
|
Batting: LHB Chang Huie
|
0-0: SINGLE (Groundball, 6MS, EV 82.5 MPH) (infield hit) Chris Olheiser to third
|
|
Batting: RHB Tze-meng Li
|
0-0: Ball 1-0: Called Strike 1-1: Fielders Choice at 2nd, 5-4 (Groundball, 5, EV 90.0 MPH)
|
| Top of the 2nd over - 2 runs, 4 hits, 0 errors, 2 left on base; Clinton 5 - Lexington 0 |
| BOTTOM OF THE 2ND |
|
Lexington Legends batting - Pitching for Clinton LumberKings : RHP Sid Lampone
|
|
Batting: RHB Pete Deschamps
|
0-0: Called Strike 0-1: Swinging Strike 0-2: Strikes out looking
|
|
Batting: LHB Robert Wilkins
|
0-0: Ball 1-0: Foul Ball, location: 2F 1-1: Ball 2-1: Swinging Strike 2-2: Ground out 4-3 (Groundball, 4, EV 85.0 MPH)
|
|
Batting: RHB Ben Garrett
|
0-0: Swinging Strike 0-1: Ball 1-1: Foul Ball, location: 2F 1-2: Ball 2-2: Foul Ball, location: 2F 2-2: Foul Ball, location: 2F 2-2: SINGLE (Groundball, 34, EV 106.2 MPH)
|
|
Batting: RHB Nate De Jongh
|
0-0: Swinging Strike 0-1: Ball 1-1: Ball 2-1: Foul Ball, location: 2F 2-2: Foul Ball, location: 2F 2-2: Strikes out looking
|
| Bottom of the 2nd over - 0 runs, 1 hit, 0 errors, 1 left on base; Clinton 5 - Lexington 0 |
| TOP OF THE 3RD |
|
Clinton LumberKings batting - Pitching for Lexington Legends : RHP Joe Adelmann
|
|
Batting: LHB Kenny Gerrity
|
0-0: Ball 1-0: Ball 2-0: SINGLE (Line Drive, 4D, EV 110.0 MPH)
|
|
Pitching: LHP Hyoji Kawabata
|
|
|
Batting: RHB Chris Van Niel
|
0-0: Called Strike 0-1: Ball 1-1: Called Strike 1-2: Ball 2-2: Ball 3-2: Strikes out swinging
|
|
Batting: RHB Justin Colella
|
0-0: Foul Ball, location: 2F 0-1: Called Strike 0-2: Ball 1-2: Ball 2-2: 2-RUN HOME RUN (Flyball, 7D, EV 107.5 MPH), Distance : 389 ft
|
|
Batting: RHB Ryan Criollo
|
0-0: Foul Ball, location: 2F 0-1: SINGLE (Groundball, 13S, EV 66.2 MPH) (infield hit)
|
|
Batting: RHB Nick Edmunds
|
0-0: Ball 1-0: Called Strike 1-1: Called Strike 1-2: Foul Ball, location: 2F 1-2: 2-RUN HOME RUN (Flyball, 7LD, EV 97.5 MPH), Distance : 346 ft
|
|
Pitching: RHP Junsuke Abe
|
|
|
Batting: LHB Jason Hopkins
|
0-0: Called Strike 0-1: Called Strike 0-2: Ball 1-2: Ball 2-2: Foul Ball, location: 2F 2-2: Foul Ball, location: 2F 2-2: Ball 3-2: Foul Ball, location: 2F 3-2: Base on Balls
|
|
Batting: RHB Chris Olheiser
|
0-0: Ball 1-0: SINGLE (Groundball, 34D, EV 101.2 MPH) Jason Hopkins to second Runner from 2nd tries for 3rd, OUT! 9-5
|
|
Batting: LHB Chang Huie
|
0-0: Ball 1-0: Foul Ball, location: 2F 1-1: Foul Ball, location: 2F 1-2: Ball 2-2: Ball 3-2: Foul Ball, location: 2F 3-2: Base on Balls Chris Olheiser to second
|
|
Batting: RHB Tze-meng Li
|
0-0: Ball 1-0: SINGLE (Line Drive, 34D, EV 98.8 MPH) Chris Olheiser to third Chang Huie to second
|
|
Batting: LHB Kenny Gerrity
|
0-0: Foul Ball, location: 2F 0-1: Ball 1-1: Swinging Strike 1-2: Strikes out swinging
|
| Top of the 3rd over - 4 runs, 6 hits, 0 errors, 3 left on base; Clinton 9 - Lexington 0 |
| BOTTOM OF THE 3RD |
|
Lexington Legends batting - Pitching for Clinton LumberKings : RHP Sid Lampone
|
|
Batting: RHB Kunimatsu Oya
|
0-0: Foul Ball, location: 2F 0-1: Ball 1-1: Swinging Strike 1-2: Foul Ball, location: 2F 1-2: Strikes out swinging
|
|
Batting: RHB Eric Erickson
|
0-0: Called Strike 0-1: Swinging Strike 0-2: Strikes out swinging
|
|
Batting: RHB Doug Carter
|
0-0: Ball 1-0: Foul Ball, location: 2F 1-1: Swinging Strike 1-2: Ball 2-2: Strikes out swinging
|
| Bottom of the 3rd over - 0 runs, 0 hits, 0 errors, 0 left on base; Clinton 9 - Lexington 0 |
| TOP OF THE 4TH |
|
Clinton LumberKings batting - Pitching for Lexington Legends : RHP Junsuke Abe
|
|
Batting: RHB Chris Van Niel
|
0-0: Called Strike 0-1: Ball 1-1: Ball 2-1: Ground out 3-1 (Groundball, 34, EV 85.6 MPH)
|
|
Batting: RHB Justin Colella
|
0-0: Ball 1-0: Ball 2-0: Ball 3-0: Base on Balls
|
|
Batting: RHB Ryan Criollo
|
0-0: Foul Ball, location: 2F 0-1: Ball 1-1: SINGLE (Groundball, 15S, EV 63.1 MPH) (infield hit) Justin Colella to second
|
|
Batting: RHB Nick Edmunds
|
0-0: Ball 1-0: Called Strike 1-1: Ball 2-1: SINGLE (Line Drive, 8LS, EV 94.4 MPH) Justin Colella to third Ryan Criollo to second
|
|
Batting: LHB Jason Hopkins
|
0-0: Ball 1-0: Foul Ball, location: 2F 1-1: Ball 2-1: Ball 3-1: Called Strike 3-2: GRAND SLAM HOME RUN (Flyball, 9LD, EV 97.5 MPH), Distance : 333 ft
|
|
Pitching: LHP David Bearden
|
|
|
Batting: RHB Chris Olheiser
|
0-0: Called Strike 0-1: Ball 1-1: Ground out U3 (Groundball, 13, EV 78.1 MPH)
|
|
Batting: LHB Chang Huie
|
0-0: Ground out 4-3 (Groundball, 34, EV 82.5 MPH)
|
| Top of the 4th over - 4 runs, 3 hits, 0 errors, 0 left on base; Clinton 13 - Lexington 0 |
| BOTTOM OF THE 4TH |
|
Lexington Legends batting - Pitching for Clinton LumberKings : RHP Sid Lampone
|
|
Batting: SHB Ryoji Hiraoka
|
0-0: Ball 1-0: Ball 2-0: Ball 3-0: Called Strike 3-1: Base on Balls
|
|
Batting: RHB Andy Urquhart
|
0-0: Called Strike Ryoji Hiraoka is caught stealing 2nd base 2-4 0-1: Foul Ball, location: 2F 0-2: Strikes out looking
|
|
Batting: RHB Pete Deschamps
|
0-0: Swinging Strike 0-1: Foul Ball, location: 2F 0-2: Strikes out swinging
|
| Bottom of the 4th over - 0 runs, 0 hits, 0 errors, 0 left on base; Clinton 13 - Lexington 0 |
| TOP OF THE 5TH |
|
Clinton LumberKings batting - Pitching for Lexington Legends : LHP David Bearden
|
|
Batting: RHB Tze-meng Li
|
0-0: Ground out 1-3 (Groundball, P, EV 74.4 MPH)
|
|
Batting: LHB Kenny Gerrity
|
0-0: Ground out 5-3 (Groundball, 56, EV 83.8 MPH)
|
|
Batting: RHB Chris Van Niel
|
0-0: Ball 1-0: Ball 2-0: Called Strike 2-1: Ball 3-1: Base on Balls
|
|
Batting: RHB Justin Colella
|
0-0: Ground out 5-3 (Groundball, 56S, EV 88.8 MPH)
|
| Top of the 5th over - 0 runs, 0 hits, 0 errors, 1 left on base; Clinton 13 - Lexington 0 |
| BOTTOM OF THE 5TH |
|
Lexington Legends batting - Pitching for Clinton LumberKings : RHP Sid Lampone
|
|
Batting: LHB Robert Wilkins
|
0-0: SINGLE (Groundball, 34D, EV 103.1 MPH)
|
|
Batting: RHB Ben Garrett
|
0-0: Fly out, F8 (Flyball, 8LD, EV 101.2 MPH)
|
|
Batting: RHB Nate De Jongh
|
0-0: Ball Robert Wilkins steals 2nd base 1-0: Swinging Strike 1-1: SINGLE (Line Drive, 6D, EV 105.0 MPH) Robert Wilkins to third
|
|
Batting: RHB Kunimatsu Oya
|
0-0: Ball 1-0: Called Strike 1-1: Called Strike 1-2: Strikes out swinging
|
|
Batting: RHB Eric Erickson
|
0-0: Called Strike 0-1: Fly out, F9 (Flyball, 89M, EV 85.0 MPH)
|
| Bottom of the 5th over - 0 runs, 2 hits, 0 errors, 2 left on base; Clinton 13 - Lexington 0 |
| TOP OF THE 6TH |
|
Clinton LumberKings batting - Pitching for Lexington Legends : LHP David Bearden
|
|
Batting: RHB Ryan Criollo
|
0-0: Swinging Strike 0-1: Hit by Pitch
|
|
Batting: RHB Nick Edmunds
|
0-0: SINGLE (Groundball, 56, EV 101.9 MPH) Ryan Criollo to second
|
|
Batting: LHB Jason Hopkins
|
0-0: Called Strike 0-1: Ball 1-1: Ball 2-1: Foul Ball, location: 2F 2-2: Hit by Pitch Ryan Criollo to third Nick Edmunds to second
|
|
Batting: RHB Chris Olheiser
|
0-0: Called Strike 0-1: Foul Ball, location: 2F 0-2: Ball 1-2: Foul Ball, location: 2F 1-2: Ball Wild Pitch! Ryan Criollo scores Nick Edmunds to third Jason Hopkins to second 2-2: Strikes out swinging
|
|
Batting: LHB Chang Huie
|
0-0: Called Strike 0-1: Ball Passed Ball! Nick Edmunds scores Jason Hopkins to third 1-1: Ball 2-1: Foul Ball, location: 2F 2-2: SINGLE (Line Drive, 4M, EV 113.1 MPH) Jason Hopkins scores
|
|
Batting: RHB Tze-meng Li
|
0-0: Ball 1-0: Grounds into double play, 6-4-3 (Groundball, 6, EV 88.8 MPH)
|
| Top of the 6th over - 3 runs, 2 hits, 0 errors, 0 left on base; Clinton 16 - Lexington 0 |
| BOTTOM OF THE 6TH |
|
Lexington Legends batting - Pitching for Clinton LumberKings : RHP Sid Lampone
|
|
Batting: RHB Doug Carter
|
0-0: SINGLE (Groundball, 6MD, EV 94.4 MPH)
|
|
Batting: SHB Ryoji Hiraoka
|
0-0: Swinging Strike 0-1: Swinging Strike 0-2: Ball 1-2: Ball 2-2: Ball 3-2: Strikes out looking
|
|
Batting: RHB Andy Urquhart
|
0-0: Ball Doug Carter is caught stealing 2nd base 2-4 1-0: Ball 2-0: Foul Ball, location: 2F 2-1: Foul Ball, location: 2F 2-2: Ball 3-2: Strikes out swinging
|
| Bottom of the 6th over - 0 runs, 1 hit, 0 errors, 0 left on base; Clinton 16 - Lexington 0 |
| TOP OF THE 7TH |
|
Clinton LumberKings batting - Pitching for Lexington Legends : LHP David Bearden
|
|
Pinch Hitting: LHB William Warren
|
0-0: Ball 1-0: SINGLE (Groundball, 4, EV 94.4 MPH)
|
|
Batting: RHB Chris Van Niel
|
0-0: Ball 1-0: Ball 2-0: Grounds into double play, 6-4-3 (Groundball, 6, EV 91.9 MPH)
|
|
Batting: RHB Justin Colella
|
0-0: Ball 1-0: Ball 2-0: Foul Ball, location: 2F 2-1: Foul Ball, location: 2F 2-2: Ball 3-2: Base on Balls
|
|
Batting: RHB Ryan Criollo
|
0-0: Fly out, F8 (Flyball, 78S, EV 91.2 MPH)
|
| Top of the 7th over - 0 runs, 1 hit, 0 errors, 1 left on base; Clinton 16 - Lexington 0 |
| BOTTOM OF THE 7TH |
|
Lexington Legends batting - Pitching for Clinton LumberKings : RHP Sid Lampone
|
|
Now in LF: William Warren
|
|
|
Batting: RHB Pete Deschamps
|
0-0: Fly out, F8 (Flyball, 8RM, EV 92.5 MPH)
|
|
Batting: LHB Robert Wilkins
|
0-0: Ball 1-0: Called Strike 1-1: Ball 2-1: Fly out, F4 (Popup, 34S, EV 81.2 MPH)
|
|
Batting: RHB Ben Garrett
|
0-0: Called Strike 0-1: Swinging Strike 0-2: Ball 1-2: Ground out 5-3 (Groundball, 5, EV 100.0 MPH)
|
| Bottom of the 7th over - 0 runs, 0 hits, 0 errors, 0 left on base; Clinton 16 - Lexington 0 |
| TOP OF THE 8TH |
|
Clinton LumberKings batting - Pitching for Lexington Legends : LHP David Bearden
|
|
Batting: RHB Nick Edmunds
|
0-0: Ball 1-0: Swinging Strike 1-1: Foul Ball, location: 2F 1-2: Strikes out looking
|
|
Batting: LHB Jason Hopkins
|
0-0: Called Strike 0-1: Swinging Strike 0-2: Ball 1-2: Ball 2-2: Fly out, F9 (Flyball, 9D, EV 99.4 MPH)
|
|
Batting: RHB Chris Olheiser
|
0-0: Called Strike 0-1: Ball 1-1: SINGLE (Line Drive, 4MD, EV 107.5 MPH)
|
|
Batting: LHB Chang Huie
|
0-0: Ball Passed Ball! Chris Olheiser to second 1-0: Called Strike 1-1: Ball Wild Pitch! Chris Olheiser to third 2-1: Foul Ball, location: 2F 2-2: Ball 3-2: Base on Balls
|
|
Batting: RHB Tze-meng Li
|
0-0: SINGLE (Groundball, 4MD, EV 105.0 MPH) Chris Olheiser scores Chang Huie to second
|
|
Batting: LHB William Warren
|
0-0: Foul Ball, location: 2F 0-1: Ball 1-1: Fielders Choice at 2nd, 6-4 (Groundball, 6, EV 82.5 MPH)
|
| Top of the 8th over - 1 run, 2 hits, 0 errors, 2 left on base; Clinton 17 - Lexington 0 |
| BOTTOM OF THE 8TH |
|
Lexington Legends batting - Pitching for Clinton LumberKings : RHP Sid Lampone
|
|
Batting: RHB Nate De Jongh
|
0-0: Ball 1-0: Ball 2-0: Ball 3-0: Called Strike 3-1: SINGLE (Groundball, 6MD, EV 101.2 MPH)
|
|
Pitching: RHP In Bea
|
|
|
Batting: RHB Kunimatsu Oya
|
0-0: Called Strike 0-1: Foul Ball, location: 2F 0-2: Ball 1-2: Foul Ball, location: 2F 1-2: Ball 2-2: Strikes out swinging
|
|
Batting: RHB Eric Erickson
|
0-0: Ball 1-0: Ball 2-0: Swinging Strike 2-1: Foul Ball, location: 2F 2-2: Strikes out looking
|
|
Batting: RHB Doug Carter
|
0-0: Called Strike 0-1: Foul Ball, location: 2F 0-2: Foul Ball, location: 2F 0-2: Ball 1-2: SINGLE (Groundball, 4MD, EV 110.0 MPH) Nate De Jongh to second Runner from 2nd tries for 3rd, SAFE, throw by CF made to third
|
|
Batting: SHB Ryoji Hiraoka
|
0-0: Ball 1-0: Ball Wild Pitch! Nate De Jongh scores Doug Carter to second 2-0: Ball 3-0: Called Strike 3-1: Swinging Strike 3-2: Strikes out swinging
|
| Bottom of the 8th over - 1 run, 2 hits, 0 errors, 1 left on base; Clinton 17 - Lexington 1 |
| TOP OF THE 9TH |
|
Clinton LumberKings batting - Pitching for Lexington Legends : LHP David Bearden
|
|
Batting: RHB Chris Van Niel
|
0-0: Ball 1-0: Foul Ball, location: 2F 1-1: Ball 2-1: Ground out 5-3 (Groundball, 56, EV 106.9 MPH)
|
|
Batting: RHB Justin Colella
|
0-0: Ball 1-0: Ball 2-0: Foul Ball, location: 2F 2-1: Foul Ball, location: 2F 2-2: Ball 3-2: Reached on error, E5 (Groundball, 56, EV 99.4 MPH)
|
|
Pinch Hitting: SHB Garrett McKenna
|
0-0: Called Strike 0-1: Foul Ball, location: 2F 0-2: Ball 1-2: Foul Ball, location: 2F 1-2: Ball Wild Pitch! Justin Colella to second 2-2: Strikes out swinging
|
|
Batting: RHB Nick Edmunds
|
0-0: Ball 1-0: Swinging Strike 1-1: Foul Ball, location: 2F 1-2: Ball 2-2: Ball 3-2: Foul Ball, location: 2F 3-2: Fly out, F9 (Line Drive, 9LM, EV 88.8 MPH)
|
| Top of the 9th over - 0 runs, 0 hits, 1 error, 1 left on base; Clinton 17 - Lexington 1 |
| BOTTOM OF THE 9TH |
|
Lexington Legends batting - Pitching for Clinton LumberKings : RHP In Bea
|
|
Now at 1B: Garrett McKenna
|
|
|
Batting: RHB Andy Urquhart
|
0-0: Called Strike 0-1: Foul Ball, location: 2F 0-2: Strikes out swinging
|
|
Batting: RHB Pete Deschamps
|
0-0: Called Strike 0-1: Swinging Strike 0-2: Strikes out looking
|
|
Batting: LHB Robert Wilkins
|
0-0: Ball 1-0: Called Strike 1-1: Fly out, F8 (Flyball, 8LM, EV 86.2 MPH)
|
| Bottom of the 9th over - 0 runs, 0 hits, 0 errors, 0 left on base; Clinton 17 - Lexington 1 |
|